 Dungeon Crawl Stone Soup version 0.18-a0-1186-gd02dc51 (webtiles) character file.

1341 4thArraOfDagon the Basher (level 8, -2/88 HPs)
             Began as an Ogre Berserker on Jan 28, 2016.
             Was a Believer of Trog.
             Slain by a sky beast (6 damage)
             ... on level 6 of the Dungeon.
             The game lasted 00:08:30 (1400 turns).

4thArraOfDagon the Basher (Ogre Berserker)          Turns: 1400, Time: 00:08:31

Health: -2/88      AC:  4    Str: 25    XL:     8   Next: 62%
Magic:  8/8        EV: 11    Int:  8    God:    Trog [**....]
Gold:   37         SH:  0    Dex:  9    Spells: 0 memorised, 7 levels left

rFire  . . .     SeeInvis .     n - +1 giant club
rCold  . . .     Gourm    .     b - +1 animal skin
rNeg   . . .     Faith    +     (shield currently unavailable)
rPois  .         Spirit   .     (helmet restricted)
rElec  .         Dismiss  .     (no cloak)
rCorr  +         Reflect  .     (gloves unavailable)
SustAt .         Harm     .     (boots unavailable)
MR     ++...                    h - amulet of faith
Stlth  ..........               l - ring of resist corrosion
                                i - ring of loudness

@: exhausted, regenerating, slowed, very slow, very resistant to hostile
enchantments, extremely unstealthy
A: unfitting armour, antennae 1, clever 1, tough skin 1, wild magic 1,
MP-powered wands
a: Berserk, Trog's Hand, Burn Spellbooks, Renounce Religion


You were on level 6 of the Dungeon.
You worshipped Trog.
Trog was pleased with you.
You were near starving.

You visited 1 branch of the dungeon, and saw 6 of its levels.

You collected 139 gold pieces.
You spent 102 gold pieces at shops.

Inventory:

Hand Weapons
 e - a +0 flail of holy wrath
 n - a +1 giant club (weapon)
Armour
 b - a +1 animal skin (worn)
Jewellery
 h - an amulet of faith (around neck)
 i - a ring of loudness (left hand)
 l - a ring of resist corrosion (right hand)
Scrolls
 a - a scroll of recharging {unknown}
 g - a scroll of identify
 p - a scroll of random uselessness {unknown}
 s - a scroll of remove curse
 t - a scroll of teleportation {unknown}
Potions
 m - 2 potions of heal wounds {unknown}
 q - a potion of berserk rage {unknown}
 r - a potion of lignification {unknown}
Comestibles
 c - 2 bread rations
 j - a slice of pizza
 k - a meat ration
 o - 4 chunks of flesh


   Skills:
 + Level 8.0 Fighting
 * Level 10.1 Maces & Flails
 + Level 5.2 Dodging


You had 7 spell levels left.
You didn't know any spells.

Dungeon Overview and Level Annotations

Branches:
Dungeon (6/15)
 Temple: D:4-7

Altars:
Fedhas
Okawaru
Pakellas
Vehumet
Yredelemnul
The Shining One

Shops:
D:4 *   D:6 *

Annotations:
D:5 PeterLawrence's ghost, novice GrFi


Innate Abilities, Weirdness & Mutations

You are too large for most types of armour.
You have tough skin (AC +1).
You have a pair of small antennae on your head.
Your mind is acute. (Int +2)
Your spells are a little harder to cast, but a little more powerful.
You expend magic power (3 MP) to strengthen your wands.


Message History

The sky beast hits you.
* * * LOW HITPOINT WARNING * * *
The sky beast shocks you.
* * * LOW HITPOINT WARNING * * *
The sky beast hits you but does no damage.
Unknown command.
Unknown command.
Really walk into that arrow trap?
You avoid triggering an arrow trap.
The sky beast hits you but does no damage.
The orc hits you.
* * * LOW HITPOINT WARNING * * *
There is an arrow trap here.
Unknown command.
Unknown command.
You avoid triggering a spear trap.
The sky beast closely misses you.
An arrow hits the orc!
The sky beast hits you.
* * * LOW HITPOINT WARNING * * *
The sky beast shocks you.
You die...

*,****,#...........,**+* *,*
*,#.#........#,**,*
*.####+#.#.##.....#,**,*
*****........#.##.....#,**,*
*,,,,.o...#....>......#,,,,*
*,,,,....###..[.......#*****
*,,,,..?##.##..........,*
*,,,,..##.Yo##.....(#**,*
****,.*#..^@.##....####.*
*.#####†#####.......{*
#..............######*
######.(.......# ###########


You could see a sky beast and an orc.

Vanquished Creatures
  Grinder (D:6)
  An ice beast (D:5)
  A sky beast (D:4)
  A phantom (D:4)
  An ogre (D:4)
  A centaur (D:6)
  A giant frog (D:5)
  2 scorpions (D:4)
  2 jellies
  2 hounds (D:4)
  4 orc wizards
  A giant frog skeleton (D:5)
  2 orc priests
  An iguana (D:4)
  4 worker ants
  A mummy (D:6)
  A worker ant zombie (D:5)
  3 adders
  4 gnolls (D:5)
  An ooze (D:1)
  An adder zombie (D:5)
  An adder skeleton (D:4)
  15 orcs
  2 bats (D:1)
  2 giant cockroaches
  A goblin (D:1)
  2 hobgoblins
  A quokka (D:4)
  A giant newt (D:1)
  2 kobolds
  A quokka skeleton (D:6)
  A rat (D:2)
65 creatures vanquished.

Notes
Turn   | Place    | Note
--------------------------------------------------------------
     0 | D:1      | 4thArraOfDagon the Ogre Berserker began the quest for the Orb.
     0 | D:1      | Reached XP level 1. HP: 24/24 MP: 1/1
    67 | D:1      | Reached XP level 2. HP: 25/32 MP: 2/2
   353 | D:4      | Noticed a sky beast
   360 | D:4      | Killed a sky beast
   360 | D:4      | Reached skill level 5 in Fighting
   360 | D:4      | Reached skill level 5 in Maces & Flails
   360 | D:4      | Reached XP level 3. HP: 42/42 MP: 3/3
   360 | D:4      | Reached XP level 4. HP: 50/50 MP: 4/4
   409 | D:4      | Reached skill level 6 in Maces & Flails
   409 | D:4      | Reached XP level 5. HP: 57/57 MP: 5/5
   413 | D:4      | Found an iron altar of Okawaru.
   416 | D:4      | Found a radiant altar of Vehumet.
   416 | D:4      | Found a blossoming altar of Fedhas.
   417 | D:4      | Gained mutation: You expend magic power (3 MP) to strengthen your wands. [mutagenic meat]
   418 | D:4      | Gained mutation: Your mind is acute. (Int +2) [mutagenic meat]
   419 | D:4      | Gained mutation: Your mind is very acute. (Int +4) [mutagenic meat]
   420 | D:4      | Lost mutation: Your mind is very acute. (Int +4) [mutagenic meat]
   421 | D:4      | Gained mutation: Your spells are a little harder to cast, but a little more powerful. [mutagenic meat]
   422 | D:4      | Gained mutation: You have a pair of small antennae on your head. [mutagenic meat]
   458 | D:5      | Entered Level 5 of the Dungeon
   471 | D:5      | Reached XP level 6. HP: 66/66 MP: 6/6
   581 | D:5      | Reached skill level 7 in Maces & Flails
   628 | D:4      | Reached ** piety under Trog
   712 | D:5      | Reached XP level 7. HP: 75/75 MP: 7/7
   782 | D:6      | Found Daosadwonel's Assorted Antiques.
   787 | D:6      | Noticed Grinder
   789 | D:6      | Killed Grinder
   789 | D:6      | Reached skill level 8 in Maces & Flails
   950 | D:6      | Bought a scroll labeled ODIMAI RIPLU for 24 gold pieces
   997 | D:5      | Reached skill level 9 in Maces & Flails
   997 | D:5      | Reached XP level 8. HP: 83/87 MP: 8/8
  1071 | D:5      | Noticed PeterLawrence's ghost (novice GrFi)
  1079 | D:4      | Found Yheryomm's Assorted Antiques.
  1114 | D:4      | Reached skill level 5 in Dodging
  1181 | D:4      | Found a glowing golden altar of the Shining One.
  1191 | D:4      | Noticed an angel
  1201 | D:4      | Found a basalt altar of Yredelemnul.
  1203 | D:4      | Noticed a profane servitor
  1248 | D:4      | Reached skill level 10 in Maces & Flails
  1276 | D:4      | Bought a scroll labeled MEACHA VEAKLIQ for 28 gold pieces
  1276 | D:4      | Bought a viscous purple potion for 25 gold pieces
  1276 | D:4      | Bought a lumpy amethyst potion for 25 gold pieces
  1337 | D:6      | Found an oddly glowing altar of Pakellas.
  1399 | D:6      | HP: 3/88 [orc (4)]
  1400 | D:6      | Slain by a sky beast

Vault maps used:
D:1:      tarquinn_simple_flora_water_f, bh_walls_and_bars
D:2:      lightli_temple_of_fire, uniq_terence, uniq_iyjb, uniq_sigmund
D:3:      grunt_temple_overflow_gold_and_silver
D:4:      grunt_temple_overflow_holy_war, lemuel_coloured_pillars_altar,
          okawaru_metal_pillars_3, gammafunk_temple_overflow_wave, serial_shops,
          nicolae_shop_overgrown_old_shop, serial_glass, glass_columns_b,
          glass_columns_a, glass_columns_b, glass_columns_b, glass_columns_b,
          minmay_misc_feat_more_columns
D:5:      overflow_temple_1_default, first_bread
D:6:      grunt_pakellas_mercury, serial_shops, shop, gup_ossuary_entry_pyramid,
          uniq_grinder

Action                   |  1- 3 |  4- 6 |  7- 9 || total
-------------------------+-------+-------+-------++-------
Melee: Mace              |    46 |    30 |       ||    76
       Giant club        |       |     1 |   113 ||   114
       Flail             |       |       |    18 ||    18
Invok: Berserk           |     1 |     6 |     9 ||    16
       Trog's Hand       |       |     1 |    14 ||    15
  Use: Potion            |       |     1 |     3 ||     4
       Scroll            |       |       |     6 ||     6
  Eat: Chunk             |       |    12 |    13 ||    25
